 Dungeon Crawl Stone Soup version 0.19-a0-713-g934ebc7 (webtiles) character file.

231772 Krapule the Imperceptible (level 18, -1/129 HPs)
             Began as a Vampire Enchanter on June 19, 2016.
             Was the Champion of Hepliaklqana.
             Killed from afar by Nikola (22 damage)
             ... with a chain lightning
             ... on level 3 of the Spider Nest on June 20, 2016.
             The game lasted 06:50:41 (55040 turns).

Krapule the Imperceptible (Vampire Enchanter)      Turns: 55040, Time: 06:50:42

Health: -1/129     AC: 11    Str: 20    XL:     18   Next: 80%
Magic:  40/40      EV: 29    Int: 27    God:    Hepliaklqana [******]
Gold:   3330       SH:  9    Dex: 24    Spells: 6 memorised, 17 levels left

rFire  + . .     SeeInvis +     D - +4 long sword of Governance {vamp, rN+}
rCold  + . .     Gourm    .     u - +3 leather armour {rF+}
rNeg   + + +     Faith    .     j - +0 buckler
rPois  .         Spirit   .     R - +0 helmet "Kickiadgh" {Str+8 Int+4}
rElec  .         Dismiss  .     Z - +0 cloak
rCorr  .         Reflect  +     t - +0 pair of gloves of the King {Stlth+}
SustAt .         Harm     .     S - +0 pair of boots
MR     ++...     Rnd*Rage +     c - +2 amulet of reflection
Stlth  ++++++++++               r - ring "Paummopy" {MR+ Str+5 Int+3 Dex+4}
                                O - ring "Aferghehi" {rC+ rN+ MP+9}

@: very resistant to hostile enchantments, uncannily stealthy
A: fangs 3, see invisible, berserk 1, mutation resistance 1, unbreathing
a: Bat Form, Recall Ancestor, Ancestor Identity, Transference, Idealise,
Renounce Religion
}: 1/15 runes: barnacled


You were on level 3 of the Spider Nest.
You worshipped Hepliaklqana.
Hepliaklqana was exalted by your worship.
You were not thirsty.

You visited 7 branches of the dungeon, and saw 33 of its levels.
You also visited: Labyrinth, Trove and Ice Cave.

You collected 4064 gold pieces.
You spent 734 gold pieces at shops.

Inventory:

Hand Weapons
 D - the +4 long sword of Governance (weapon) {vamp, rN+}
   (You found it in a treasure trove)

   It inflicts no extra harm, but heals its wielder somewhat when it strikes a
   living foe.
   It protects you from negative energy.
 I - the +9 rapier of Vanegh {freeze, rElec Int+8 Dex-2 Stlth+}
   (You found it on level 3 of the Shoals)

   It has been specially enchanted to freeze those struck by it, causing extra
   injury to most foes and up to half again as much damage against particularly
   susceptible opponents.
   It can also slow down cold-blooded creatures.
   It affects your intelligence (+8).
   It affects your dexterity (-2).
   It insulates you from electricity.
   It makes you more stealthy.
 P - a +9 quick blade of piercing
Missiles
 Y - 12 throwing nets (quivered)
Armour
 j - a +0 buckler (worn)
 t - the +0 pair of gloves of the King (worn) {Stlth+}
   (You found it on level 4 of the Lair of Beasts)

   It makes you more stealthy.
 u - a +3 leather armour of fire resistance (worn)
 R - the +0 helmet "Kickiadgh" (worn) {Str+8 Int+4}
   (You found it in a labyrinth)

   It affects your strength (+8).
   It affects your intelligence (+4).
 S - a +0 pair of boots (worn)
 Z - a +0 cloak (worn)
Jewellery
 c - a +2 amulet of reflection (around neck)
 e - a +6 ring of protection
 m - the ring of Tycwoptu {+Fly rF- Str+4 Slay+2}
   (You found it in a treasure trove)

   [ring of slaying]

   It affects your strength (+4).
   It affects your accuracy and damage with ranged weapons and melee attacks
   (+2).
   It makes you vulnerable to fire.
   It lets you fly.
 r - the ring "Paummopy" (right hand) {MR+ Str+5 Int+3 Dex+4}
   (You took it off a merfolk on level 4 of the Shoals)

   [ring of strength]

   It affects your strength (+5).
   It affects your intelligence (+3).
   It affects your dexterity (+4).
   It affects your resistance to hostile enchantments.
 y - an uncursed ring of sustain attributes
 H - an uncursed ring of teleportation
 O - the ring "Aferghehi" (left hand) {rC+ rN+ MP+9}
   (You found it on level 3 of the Shoals)

   [ring of positive energy]

   It protects you from cold.
   It protects you from negative energy.
   It affects your magic capacity (+9).
 X - an uncursed ring of protection from cold
Wands
 a - a wand of hasting (5/9)
 o - a wand of teleportation (1/9)
 s - a wand of lightning (0/15)
Scrolls
 d - 5 scrolls of teleportation
 g - 3 scrolls of identify
 h - 3 scrolls of magic mapping
 i - a scroll of blinking
 k - 6 scrolls of fear
 n - 3 scrolls of immolation
 A - 5 scrolls of remove curse
Potions
 b - 5 potions of heal wounds
 f - 4 potions of haste
 l - 7 potions of cancellation
 p - 10 potions of blood
 q - 3 potions of might
 v - a potion of invisibility
 B - a potion of ambrosia
 G - 3 potions of flight
 K - a potion of resistance
 M - a potion of magic
 Q - 2 potions of brilliance
Miscellaneous
 x - a crystal ball of energy


   Skills:
 - Level 8.0 Fighting
 + Level 14.6 Short Blades
 - Level 5.0 Armour
 + Level 17.5 Dodging
 + Level 26.4 Stealth
 - Level 7.0 Shields
 - Level 9.0 Spellcasting
 + Level 14.0 Hexes
 - Level 5.0 Charms
 - Level 7.0 Ice Magic
 - Level 8.0 Invocations


You had 17 spell levels left.
You knew the following spells:

 Your Spells              Type           Power        Failure   Level  Hunger
a - Ensorcelled Hibernat  Hex/Ice        ######       1%          2    None
d - Invisibility          Hex            ######..     2%          6    ######.
e - Tukima's Dance        Hex            ######..     1%          3    None
q - Corona                Hex            ######.      1%          1    None
s - Ozocubu's Armour      Chrm/Ice       #####...     1%          3    None
z - Confuse               Hex            ######..     1%          3    None


Dungeon Overview and Level Annotations

Branches:
Dungeon (15/15)            Temple (1/1) D:4            Lair (6/6) D:9
 Shoals (4/4) Lair:2       Spider (4/4) Lair:3        Slime (0/5) Lair:5
    Orc (2/2) D:12            Elf (0/3) Orc:2        Vaults (1/5) D:13
 Depths (0/5) D:15

Altars:
Ashenzari
Cheibriados
Dithmenos
Elyvilon
Fedhas
Gozag
Hepliaklqana
Kikubaaqudgha
Makhleb
Nemelex Xobeh
Okawaru
Pakellas
Qazlal
Ru
Sif Muna
Trog
Uskayaw
Vehumet
Xom
Yredelemnul
Zin
The Shining One
Jiyva

Shops:
Orc:2 *!*(*   Shoals:2 (

Annotations:
D:11 exclusion: orange crystal statue
Lair:5 exclusion: oklob plant
Shoals:3 Bai Suzhen
Spider:3 Nikola


Innate Abilities, Weirdness & Mutations

You have razor-sharp teeth.
You have supernaturally acute eyesight. (SInv)
You can survive without breathing.
You tend to lose your temper in combat.
You are somewhat resistant to further mutation.


Message History

The bolt of lightning hits you!
Yummy - fresh blood!
Funestine hits Nikola with a dagger of draining!
Nikola hits Funestine but does no damage.
You strike the helpless Nikola from a blind spot!
You slice Nikola!! You bite Nikola.
Nikola is severely wounded.
Funestine hits Nikola with a dagger of draining!
Funestine drains Nikola!
Nikola hits Funestine!
You catch the helpless Nikola momentarily off-guard.
You hit Nikola.
You feel better.
Nikola is almost dead.
Funestine hits Nikola with a dagger of draining!
Funestine drains Nikola!
Nikola casts a spell.
You hear a mighty clap of thunder!
The lightning arc hits Funestine.
The lightning arc hits you!
* * * LOW HITPOINT WARNING * * *
The lightning arc hits Nikola.
The lightning arc hits you!
You die...

....## #.....##......###.##≈≈≈≈≈≈
...^.######..^......###.≈≈≈≈≈###≈
......###...........# #.≈≈≈≈≈≈≈≈≈
...............^....###.≈#≈#≈≈#≈≈
......^..............##.≈#≈#≈≈<.≈
...#..#^...#.........##.≈#≈≈≈≈#.≈
#..##.#...##........###.≈≈≈≈≈≈≈≈≈
##.####.###......@..###.≈≈≈≈≈###≈
.########.......@R..##...##≈≈≈≈≈≈
...#..##.......^...###.#.!.≈#≈≈##
..##............>...#^.#≈#.≈≈≈≈≈≈
.##.....^#^..##^.......####≈.....
##.....^.##.##...............##.#
#........#####^^.....^.........^#
#...>..### ###.............####
......## #..........#..# #....##
#####.........#####


You could see the friendly Funestine the hexer and Nikola.

Vanquished Creatures
  Jorgrun (Spider:2)
  Polyphemus (Shoals:2)
  Kirke (Lair:4)
  Donald (Spider:3)
  Ilsuiw (Shoals:3)
  3 emperor scorpions
  Maud (D:11)
  Aizul (Lair:3)
  A frost giant (IceCv)
  A ghost moth (Lair:3)
  An ironheart preserver (Vaults:1)
  The ghost of crawlian the Devastator, a journeyman DEFE of Sif Muna (Spider:3)
  Nessos (Orc:2)
  4 entropy weavers
  3 spark wasps
  5 dire elephants (Lair:6)
  Azrael (Orc:2)
  4 merfolk javelineers (Shoals:4)
  A minotaur (Lab)
  6 merfolk impalers
  An ice dragon (D:15)
  Harold (Lair:3)
  6 hydras
  2 catoblepae
  3 merfolk avatars
  2 ogre magi
  A merfolk aquamancer (Shoals:4)
  2 centaur warriors (D:14)
  2 satyrs
  An anaconda (Lair:6)
  3 alligator snapping turtles
  7 death yaks
  A deep troll earth mage (Vaults:1)
  A queen ant (Spider:1)
  2 orc high priests (Orc:2)
  Urug (Lair:4)
  6 skeletal warriors
  5 unseen horrors
  2 deep trolls (Vaults:1)
  14 sea snakes
  A deep elf archer (D:14)
  8 hill giants
  4 orc knights
  4 wizards
  6 orc sorcerers (Orc:2)
  14 harpies
  13 orb spiders
  4 hornets
  3 deep elf magi
  27 wolf spiders
  15 ugly things
  5 cyclopes
  6 griffons
  13 manticores
  3 fauns
  3 sirens
  4 moths of wrath
  5 large abominations (D:13)
  15 elephants
  3 black mambas
  A torpor snail (Spider:4)
  An ice statue (IceCv)
  3 water nymphs
  8 spiny frogs
  A vault sentinel (Vaults:1)
  3 gargoyles
  3 rime drakes
  13 demonic crawlers
  A kobold demonologist (D:12)
  6 komodo dragons
  3 yaktaurs (Vaults:1)
  A komodo dragon (shapeshifter) (D:15)
  2 freezing wraiths
  47 jumping spiders
  21 polar bears
  11 trolls
  5 wind drakes
  20 merfolk
  4 two-headed ogres
  A blink frog (shapeshifter) (D:14)
  11 blink frogs
  13 slime creatures
  15 snapping turtles
  The ghost of Xiguana the Skirmisher, an amateur VSMo of Cheibriados (D:4)
  76 redbacks
  73 yaks
  3 shadows
  10 water elementals
  28 tarantellas
  Eustachio (D:4)
  4 fire elementals
  2 vampires
  2 hungry ghosts
  A wyvern (D:10)
  A hog (Lair:4)
  A human (D:7)
  3 basilisks
  4 vampire mosquitoes (D:15)
  12 hippogriffs
  6 wargs
  3 mottled dragons
  8 soldier ants (Spider:1)
  2 hell hounds
  17 water moccasins
  13 porcupines
  17 orc warriors
  5 ice beasts
  3 sky beasts
  3 wasps
  12 ogres
  2 boggarts (D:15)
  3 phantoms
  4 black bears
  40 wolves
  9 crocodiles
  19 centaurs
  2 big kobolds
  27 giant frogs
  7 small abominations (D:13)
  A wyvern skeleton (D:14)
  2 scorpions
  4 killer bees
  3 wights (D:11)
  4 crimson imps
  A giant frog zombie (D:15)
  4 quasits
  2 centaur zombies
  A wasp zombie (D:12)
  3 centaur skeletons
  11 orc priests
  12 hounds
  4 jellies
  8 orc wizards
  2 giant frog skeletons
  6 iguanas
  3 hexers
  17 worker ants
  4 sheep
  A hound zombie (D:8)
  2 hound skeletons
  A worker ant zombie (D:10)
  8 adders
  60 river rats
  A shadow imp (D:13)
  A white imp (D:11)
  A howler monkey simulacrum (D:11)
  2 oozes
  An adder zombie (D:2)
  An adder skeleton (D:8)
  3 worms
  2 dart slugs
  A giant gecko (D:7)
  36 orcs
  2 ball pythons
  3 bat skeletons (D:2)
  2 giant cockroaches (D:3)
  4 goblins
  7 hobgoblins
  8 jackals
  4 quokkas
  4 bats
  A giant gecko skeleton (D:2)
  10 giant newts
  2 jackal skeletons
  9 kobolds
  A quokka zombie (D:2)
  8 rats
  4 plants (Lair:6)
1158 creatures vanquished.

Vanquished Creatures (collateral kills)
  2 ghost moths
  Louise (D:14)
  2 merfolk javelineers (Shoals:4)
  2 merfolk impalers (Shoals:4)
  4 merfolk aquamancers
  A merfolk avatar (Shoals:4)
  An orc high priest (Orc:2)
  2 sea snakes
  A harpy (Shoals:2)
  A hill giant (D:15)
  3 orc knights (Orc:2)
  A deep elf mage (D:15)
  A griffon (Shoals:1)
  A wolf spider (Spider:2)
  An orc sorcerer (D:15)
  An orb spider (Spider:3)
  7 sirens
  2 elephants (Lair:5)
  A gargoyle (D:14)
  A water nymph (Shoals:4)
  A centaur skeleton (D:15)
  A demonic crawler (Spider:4)
  14 merfolk
  A two-headed ogre (D:13)
  4 jumping spiders
  A blink frog (Lair:2)
  8 redbacks
  6 water elementals
  3 yaks
  3 tarantellas (Spider:1)
  A hog (Lair:4)
  A fire elemental (Orc:1)
  2 basilisks
  2 porcupines (Lair:3)
  3 orc warriors
  2 sky beasts (D:15)
  3 ogres
  A wasp (Spider:2)
  A phantom (D:12)
  4 wolves
  A centaur (D:15)
  3 crocodiles
  4 giant frogs
  4 killer bees
  2 wights (D:11)
  6 orc priests
  5 orc wizards
  A giant frog skeleton (D:5)
  2 iguanas
  4 worker ants (Spider:1)
  A killer bee zombie (D:6)
  2 sheep
  2 adders
  18 river rats
  A worm (D:4)
  17 orcs
  2 jackals
  A quokka (D:5)
  A giant newt (D:6)
  A jackal skeleton (D:5)
  A kobold (D:12)
  A fungus (Lair:6)
178 creatures vanquished.

Vanquished Creatures (others)
  A kraken (Shoals:3)
  The ghost of 4thArraOfDagon the Brawler, a journeyman TrAM of Hepliaklqana (Shoals:3)
  A merfolk javelineer (Shoals:4)
  2 merfolk impalers (Shoals:3)
  A merfolk avatar (Shoals:3)
  A satyr (Shoals:4)
  2 sea snakes (Shoals:3)
  A wizard (D:4)
  An ugly thing (D:15)
  An orb spider (Spider:3)
  2 manticores (Shoals:3)
  A wind drake (Shoals:3)
  A jumping spider (Spider:3)
  18 dancing weapons
  4 merfolk (Shoals:3)
  2 snapping turtles (Shoals:3)
  A warg (Orc:2)
  A human (D:9)
  An orc wizard (Orc:2)
  44 hexers
  An ancestor (D:4)
  3 orcs
  12 fungi
  61 plants
  16 tentacles
  677 tentacle segments (Shoals:1)
857 creatures vanquished.

Grand Total: 2193 creatures vanquished

Notes
Turn   | Place    | Note
--------------------------------------------------------------
     0 | D:1      | Krapule the Vampire Enchanter began the quest for the Orb.
     0 | D:1      | Reached XP level 1. HP: 13/13 MP: 3/3
   264 | D:1      | Reached XP level 2. HP: 16/19 MP: 5/5
  1354 | D:2      | Reached XP level 3. HP: 25/25 MP: 6/6
  1359 | D:2      | Learned a level 3 spell: Confuse
  1566 | D:2      | Reached skill level 5 in Hexes
  1935 | D:3      | Reached skill level 5 in Stealth
  1984 | D:3      | Reached XP level 4. HP: 18/31 MP: 7/7
  2166 | D:3      | Found an ancient bone altar of Kikubaaqudgha.
  2681 | D:4      | Found a bloodstained altar of Trog.
  2685 | D:4      | Noticed a wizard
  2690 | D:4      | Killed a wizard
  2759 | D:4      | Found a staircase to the Ecumenical Temple.
  2765 | Temple   | Entered the Ecumenical Temple
  3199 | D:4      | Found a shimmering altar of Xom.
  3200 | D:4      | Found a hazy altar of Hepliaklqana.
  3200 | D:4      | Noticed a giant leech
  3201 | D:4      | Noticed a spectral ugly thing
  3201 | D:4      | Noticed a giant leech
  3204 | D:4      | Became a worshipper of Hepliaklqana
  3223 | D:4      | Noticed Xiguana's ghost (amateur VSMo)
  3244 | D:4      | Killed Xiguana's ghost
  3244 | D:4      | Reached skill level 1 in Fighting
  3244 | D:4      | Reached skill level 1 in Armour
  3244 | D:4      | Reached XP level 5. HP: 35/37 MP: 8/8
  3249 | D:4      | Learned a level 3 spell: Tukima's Dance
  3402 | D:4      | Reached XP level 6. HP: 43/43 MP: 9/9
  3469 | D:4      | Noticed Eustachio
  3481 | D:4      | Killed Eustachio
  3731 | D:5      | Entered Level 5 of the Dungeon
  3731 | D:5      | Found a hide-covered altar of Uskayaw.
  3833 | D:5      | Reached skill level 6 in Stealth
  3977 | D:5      | Reached XP level 7. HP: 47/49 MP: 9/10
  4115 | D:5      | Reached skill level 1 in Invocations
  4333 | D:5      | Found a sparkling altar of Nemelex Xobeh.
  4486 | D:6      | Reached * piety under Hepliaklqana
  4710 | D:6      | Reached skill level 7 in Stealth
  4710 | D:6      | Reached XP level 8. HP: 57/57 MP: 12/12
  4756 | D:6      | Reached skill level 5 in Dodging
  4911 | D:6      | Found a basalt altar of Yredelemnul.
  5089 | D:7      | Found an oddly glowing altar of Pakellas.
  5286 | D:7      | Reached ** piety under Hepliaklqana
  5313 | D:7      | Remembered your ancestor Funestine as a hexer
  5361 | D:7      | Reached skill level 8 in Stealth
  5361 | D:7      | Reached XP level 9. HP: 53/64 MP: 14/14
  5801 | D:8      | Reached skill level 5 in Short Blades
  6070 | D:8      | Got a twisted dagger
  6071 | D:8      | Identified the cursed +3 dagger "Thing" {pain, rPois Str+3 Int+4} (You found it on level 8 of the Dungeon)
  6102 | D:8      | Reached skill level 1 in Shields
  6163 | D:8      | Found an opulent altar of Gozag.
  6440 | D:9      | Reached skill level 9 in Stealth
  6462 | D:9      | Reached XP level 10. HP: 72/72 MP: 14/16
  6663 | D:9      | Found a staircase to the Lair.
  6751 | D:9      | Found an ancient bone altar of Kikubaaqudgha.
  6833 | D:9      | Found a deep blue altar of Sif Muna.
  7000 | D:9      | Found a sacrificial altar of Ru.
  7056 | D:9      | Reached *** piety under Hepliaklqana
  7300 | Lair:1   | Entered Level 1 of the Lair of Beasts
  7300 | Lair:1   | Noticed a black mamba
  7303 | Lair:1   | Killed a black mamba
  7303 | Lair:1   | Reached skill level 5 in Spellcasting
  7454 | Lair:1   | Noticed a spiny frog
  7460 | Lair:1   | Noticed an eight-headed hydra
  7471 | Lair:1   | Killed a spiny frog
  7480 | Lair:1   | Killed an eight-headed hydra
  7480 | Lair:1   | Reached skill level 10 in Stealth
  7587 | Lair:1   | Noticed a black mamba
  7589 | Lair:1   | Reached skill level 5 in Fighting
  7604 | Lair:1   | Killed a black mamba
  7618 | Lair:1   | Reached skill level 10 in Hexes
  7748 | Lair:1   | Noticed a five-headed hydra
  7755 | Lair:1   | Killed a five-headed hydra
  7755 | Lair:1   | Reached XP level 11. HP: 79/79 MP: 18/18
  8119 | Lair:2   | Found a staircase to the Shoals.
  8119 | Lair:2   | Noticed a griffon
  8262 | Lair:2   | Killed a griffon
  8277 | Lair:2   | Found a sparkling altar of Nemelex Xobeh.
  8286 | Lair:2   | Found a labyrinth entrance.
  8330 | Lab      | Entered a labyrinth
  8762 | Lab      | Noticed a minotaur
  8804 | Lab      | Killed a minotaur
  8804 | Lab      | Reached skill level 5 in Shields
  8809 | Lab      | Got a bloodstained helmet
  8809 | Lab      | Got a smoking gold dragon armour
  8867 | Lab      | Identified the +0 helmet "Kickiadgh" {Str+8 Int+4} (You found it in a labyrinth)
  9112 | Lair:2   | Reached skill level 11 in Stealth
  9251 | Lair:2   | Reached **** piety under Hepliaklqana
  9767 | Lair:2   | Reached skill level 10 in Dodging
 10051 | Lair:2   | You fall through a shaft!
 10054 | Lair:3   | Reached XP level 12. HP: 86/86 MP: 10/19
 10115 | Lair:3   | Reached skill level 5 in Invocations
 10156 | Lair:3   | Got a distressingly furry leather armour
 10177 | Lair:3   | Identified the +1 leather armour of Zeodeqio {rPois} (You found it on level 3 of the Lair of Beasts)
 10502 | Lair:3   | Noticed an eight-headed hydra
 10509 | Lair:3   | Killed an eight-headed hydra
 10579 | Lair:3   | Noticed Harold
 10593 | Lair:3   | Killed Harold
 10741 | Lair:3   | Reached skill level 10 in Short Blades
 10789 | Lair:3   | Reached ***** piety under Hepliaklqana
 10908 | Lair:3   | Found a hole to the Spider Nest.
 11325 | Lair:3   | Reached skill level 12 in Stealth
 11763 | Lair:4   | Noticed Kirke
 11781 | Lair:4   | Killed Kirke
 11997 | Lair:4   | Reached XP level 13. HP: 93/93 MP: 8/22
 12358 | Lair:4   | Noticed Urug
 12368 | Lair:4   | Killed Urug
 12368 | Lair:4   | Reached skill level 13 in Stealth
 12381 | Lair:4   | Got a pair of transparent gloves
 12387 | Lair:4   | Identified the +0 pair of gloves of the King {Stlth+} (You found it on level 4 of the Lair of Beasts)
 12685 | Lair:1   | Identified the +1 gold dragon armour "Zegoh" {rElec rPois rF+ rC+ MP+9 Int-2} (You found it in a labyrinth)
 13758 | Lair:5   | Found a runed door.
 13758 | Lair:5   | Found a viscous altar of Jiyva.
 13758 | Lair:5   | Found a staircase to the Slime Pits.
 13989 | Lair:1   | Learned a level 2 spell: Ensorcelled Hibernation
 13993 | Lair:1   | Learned a level 3 spell: Ozocubu's Armour
 14069 | D:10     | Entered Level 10 of the Dungeon
 14323 | D:10     | Reached skill level 1 in Ice Magic
 14758 | Lair:6   | Entered Level 6 of the Lair of Beasts
 14795 | Lair:6   | Reached ****** piety under Hepliaklqana
 14872 | Lair:6   | Reached skill level 14 in Stealth
 16250 | Lair:6   | Noticed a dire elephant
 16250 | Lair:6   | Noticed a dire elephant
 16262 | Lair:6   | Noticed a dire elephant
 16316 | Lair:6   | Noticed a dire elephant
 16381 | Lair:6   | Killed a dire elephant
 16483 | Lair:6   | Noticed a dire elephant
 16496 | Lair:6   | Killed a dire elephant
 16550 | Lair:6   | Killed a dire elephant
 16572 | Lair:6   | Killed a dire elephant
 16572 | Lair:6   | Reached skill level 15 in Stealth
 16606 | Lair:6   | Noticed a dire elephant
 16740 | Lair:6   | Killed a dire elephant
 16740 | Lair:6   | Reached XP level 14. HP: 100/100 MP: 23/23
 17911 | D:11     | Noticed Maud
 17920 | D:11     | Killed Maud
 18901 | D:12     | Found a staircase to the Orcish Mines.
 19053 | Orc:1    | Entered Level 1 of the Orcish Mines
 19164 | Orc:2    | Entered Level 2 of the Orcish Mines
 19164 | Orc:2    | Found Nehenacits's Assorted Antiques.
 19165 | Orc:2    | Found a bloodstained altar of Trog.
 19169 | Orc:2    | Noticed Azrael
 19580 | Orc:2    | Killed Azrael
 19580 | Orc:2    | Reached skill level 5 in Ice Magic
 19615 | Orc:2    | Noticed Nessos
 21144 | Orc:2    | Killed Nessos
 21145 | Orc:2    | Found a staircase to the Elven Halls.
 21734 | Orc:1    | Reached skill level 16 in Stealth
 23374 | Orc:2    | Found Adghoifo's Weapon Shoppe.
 23381 | Orc:2    | Found Ikhlih Udue's Distillery.
 23382 | Orc:2    | Found Huunith's General Store.
 23383 | Orc:2    | Found Plog's General Store.
 23425 | Orc:2    | Bought a potion of heal wounds for 70 gold pieces
 23427 | Orc:2    | Bought a potion of beneficial mutation for 420 gold pieces
 23503 | Orc:2    | Bought a scroll of identify for 60 gold pieces
 23504 | Orc:2    | Gained mutation: You have sharp toenails. [potion of mutation]
 23504 | Orc:2    | Gained mutation: You tend to lose your temper in combat. [potion of mutation]
 23505 | Orc:2    | Gained mutation: You are somewhat resistant to further mutation. [potion of mutation]
 23506 | Orc:2    | Gained mutation: You are partially covered in icy blue scales. (AC +1) [potion of mutation]
 23506 | Orc:2    | Gained mutation: You are frail. (-10% HP) [potion of mutation]
 23507 | Orc:2    | Lost mutation: You have sharp toenails. [potion of cure mutation]
 23507 | Orc:2    | Lost mutation: You are frail. (-10% HP) [potion of cure mutation]
 23507 | Orc:2    | Lost mutation: You are partially covered in icy blue scales. (AC +1) [potion of cure mutation]
 24246 | D:12     | Found a portal to a secret trove of treasure.
 24387 | Orc:2    | Bought a potion of might for 56 gold pieces
 24387 | Orc:2    | Bought a potion of curing for 42 gold pieces
 24387 | Orc:2    | Bought a potion of agility for 56 gold pieces
 24979 | Lair:6   | Got a flickering tin ring
 24987 | Lair:6   | Identified the ring "Kessemau" {rPois Str+2 Dex+3} (You found it on level 6 of the Lair of Beasts)
 25403 | Spider:1 | Entered Level 1 of the Spider Nest
 25656 | Spider:1 | Noticed a ghost moth
 25908 | Lair:3   | Killed a ghost moth
 25908 | Lair:3   | Reached XP level 15. HP: 65/105 MP: 1/25
 27749 | D:13     | Reached skill level 1 in Charms
 28022 | D:13     | Reached skill level 17 in Stealth
 28258 | D:13     | Found a gate to the Vaults.
 28976 | D:14     | Noticed Louise
 28992 | D:14     | Killed Louise
 29853 | D:14     | Found a white marble altar of Elyvilon.
 29943 | D:15     | Entered Level 15 of the Dungeon
 30001 | D:15     | Found a frozen archway.
 30442 | IceCv    | Entered an ice cave
 31542 | IceCv    | Noticed a frost giant
 31607 | IceCv    | Killed a frost giant
 31607 | IceCv    | Reached skill level 18 in Stealth
 32839 | D:15     | Reached XP level 16. HP: 102/111 MP: 28/28
 33220 | D:15     | Reached skill level 15 in Dodging
 33530 | D:15     | Reached skill level 19 in Stealth
 33567 | D:15     | Found a staircase to the Depths.
 34883 | Spider:1 | Reached skill level 20 in Stealth
 36196 | Spider:1 | Noticed Aizul
 36204 | Spider:1 | Reached skill level 21 in Stealth
 36334 | Shoals:1 | Entered Level 1 of the Shoals
 36448 | Shoals:1 | Learned a level 6 spell: Invisibility
 36811 | Shoals:1 | Reached skill level 22 in Stealth
 37139 | Shoals:1 | Noticed a kraken
 37203 | Shoals:1 | Noticed a kraken
 37959 | Lair:3   | Killed Aizul
 38344 | Spider:2 | Noticed Jorgrun
 38355 | Spider:2 | Killed Jorgrun
 38355 | Spider:2 | Reached skill level 23 in Stealth
 38428 | Spider:2 | Reached skill level 24 in Stealth
 38650 | Spider:2 | Reached XP level 17. HP: 110/117 MP: 29/29
 40363 | Shoals:2 | Found Nogucvyff's Weapon Shoppe.
 40391 | Shoals:2 | Reached skill level 25 in Stealth
 40505 | Shoals:2 | Noticed Polyphemus
 40569 | Shoals:2 | Killed Polyphemus
 41728 | Spider:3 | Noticed crawlian's ghost (journeyman DEFE)
 41747 | Spider:3 | Killed crawlian's ghost
 42204 | Spider:3 | Noticed Donald
 42239 | Spider:3 | Killed Donald
 42313 | Spider:3 | Noticed Nikola
 43196 | Spider:4 | Entered Level 4 of the Spider Nest
 43833 | Shoals:3 | Noticed Bai Suzhen
 43956 | Shoals:3 | Got a dazzling rapier
 43989 | Shoals:3 | Got a fine ivory ring
 44121 | Lair:1   | Identified the +9 rapier of Vanegh {freeze, rElec Int+8 Dex-2 Stlth+} (You found it on level 3 of the Shoals)
 44126 | Lair:1   | Identified the ring "Aferghehi" {rC+ rN+ MP+9} (You found it on level 3 of the Shoals)
 44290 | D:12     | You paid a toll of 6 potions of agility to enter a treasure trove
 44291 | Trove    | Entered a treasure trove
 44301 | Trove    | Got a crude glass ring
 44315 | Trove    | Got a scorched long sword
 44333 | D:12     | Identified the +4 long sword of Governance {vamp, rN+} (You found it in a treasure trove)
 44339 | D:12     | Identified the ring of Tycwoptu {+Fly rF- Str+4 Slay+2} (You found it in a treasure trove)
 44675 | Orc:2    | Bought a potion of mutation for 30 gold pieces
 44879 | Lair:1   | Upgraded the game from 0.19-a0-706-g03de5d9 to 0.19-a0-713-g934ebc7
 45075 | Shoals:3 | Noticed a kraken
 45127 | Shoals:3 | Killed 4thArraOfDagon's ghost
 45233 | Shoals:3 | Killed a kraken
 45696 | Shoals:4 | Entered Level 4 of the Shoals
 46046 | Shoals:3 | Reached skill level 5 in Armour
 46506 | Shoals:4 | Noticed Ilsuiw
 47323 | Shoals:4 | HP: 2/122 [merfolk javelineer/javelin of penetration (7)]
 47575 | Shoals:4 | Got a slimy ivory ring
 47577 | Shoals:4 | Identified the ring "Paummopy" {MR+ Str+5 Int+3 Dex+4} (You took it off a merfolk on level 4 of the Shoals)
 48593 | Spider:3 | Reached XP level 18. HP: 103/129 MP: 30/30
 50346 | Shoals:3 | Killed Ilsuiw
 50492 | Shoals:3 | Reached skill level 5 in Charms
 51047 | Shoals:4 | Reached skill level 26 in Stealth
 51605 | Shoals:4 | Got a barnacled rune of Zot
 54480 | Vaults:1 | Entered Level 1 of the Vaults
 55040 | Spider:3 | Killed from afar by Nikola

Vault maps used:
D:1:      evilmike_arrival_home_sweet_home
D:2:      serial_undead, serial_undead_a, serial_undead_f, serial_undead_e,
          serial_undead_d, serial_undead_c, serial_undead_e
D:3:      overflow_temple_1_default, first_bread
D:4:      regret_index_temple_of_mockery, temple_statues, trog_wizard,
          uniq_eustachio
D:5:      eat_drink_and_be_merry_uskayaw, nemelex_altar_shiori
D:6:      kennysheep_mini_moat, kennysheep_boxes
D:7:      grunt_pakellas_sulfur, grunt_livestock, kennysheep_generic_room_7
D:8:      nicolae_overflow_hidden_temple
D:9:      led_sif_pool, nicolae_ru_the_path_less_chosen, david_lair_shrubbed,
          tgw_kikubaaqudgha
D:11:     serial_ice, serial_ice_o, serial_ice_n, serial_ice_d, serial_ice_a,
          serial_bayou_pond_a, st_stairs_4, minmay_statue_bubble, uniq_maud
D:12:     hiddenorc1_lemuel, enter_trove_0
D:13:     david_vaults_1, minmay_hedge_maze, laboratory
D:14:     minivault_19, david_defended_altar_elf, uniq_louise
D:15:     grunt_enter_depths_magical_seal, grunt_decor_cap,
          portal_ice_cave_entry_animals_and_master
Temple:   minmay_temple_forest_path_12
Lair:2:   beast_lair_carwin_large_4, minmay_shoals_entry_beasts,
          lab_entry_generic, basic_altar
Lair:3:   spider_nest_entry_a, beast_lair_carwin_8, grunt_megastairs_1,
          uniq_harold
Lair:4:   hibernation_bobbens, uniq_urug, uniq_kirke
Lair:5:   slime_altar_2, minivault_19, serial_bayou_shore_b
Lair:6:   due_jungle_book
Shoals:2: serial_shops, shop, uniq_polyphemus
Shoals:3: uniq_bai_suzhen
Shoals:4: shoals_end_hangedman, shoal_ilsuiw, nicolae_shoals_cliffside_cave
Spider:1: minmay_another_anthill, uniq_aizul
Spider:2: spider_trap, nicolae_spider_shape, uniq_jorgrun
Spider:3: nicolae_spider_cling_ruins, uniq_donald, uniq_nikola
Spider:4: johnstein_spider_rune_arachne_lair
Orc:1:    mines4_lemuel
Orc:2:    st_orc_elflike, basic_altar, serial_shops, shop, uniq_azrael,
          uniq_nessos
Vaults:1: st_quartered_hall, v_alt_pattern_6, nicolae_vaults_gold_heap,
          v_alt_pattern_6, grunt_vaults_hallway_short,
          nicolae_vaults_shelves_hall, dpeg_vaults_monster_box, serial_shops,
          shop
Lab:      labyrinth_mini_lab
Trove:    trove_simple
IceCv:    ice_cave_caverns_01

Skill      XL: |  1  2  3  4  5  6  7  8  9 10 11 12 13 14 15 16 17 18 |
---------------+-------------------------------------------------------+-----
Hexes          | 5 6 7 8 9 10 11 12 13 14 | 14.0
Stealth        | 5 6 7 8 9 10 11 12 15 16 18 24 25 26 | 26.4
Fighting       | 1 2 3 4 5 6 8 |  8.0
Short Blades   | 2 3 4 6 7 9 10 12 13 14 | 14.6
Armour         | 1 2 3 4 5 |  5.0
Dodging        | 3 4 6 7 9 10 11 12 13 14 16 17 | 17.5
Invocations    | 1 2 3 4 5 7 8 |  8.0
Spellcasting   | 3 4 5 6 7 8 9 |  9.0
Shields        | 2 4 6 7 |  7.0
Ice Magic      | 4 5 6 7 |  7.0
Charms         | 4 5 |  5.0

Action                   |  1- 3 |  4- 6 |  7- 9 | 10-12 | 13-15 | 16-18 || total
-------------------------+-------+-------+-------+-------+-------+-------++-------
Melee: Dagger            |   189 |    65 |    53 |   848 |  2035 |  1150 ||  4340
       Bite              |    18 |    11 |    25 |   133 |   421 |   319 ||   927
       Rapier            |       |    35 |   137 |       |       |   652 ||   824
       Long sword        |       |       |       |       |       |    26 ||    26
       Quick blade       |       |       |       |       |       |     5 ||     5
 Cast: Corona            |     4 |     2 |       |     6 |     6 |       ||    18
       Confuse           |     3 |    11 |    16 |   137 |   297 |   356 ||   820
       Tukima's Dance    |       |     1 |     3 |     6 |    75 |   113 ||   198
       Ensorcelled Hiber |       |       |       |       |    67 |    61 ||   128
       Ozocubu's Armour  |       |       |       |       |     4 |     4 ||     8
       Invisibility      |       |       |       |       |       |     4 ||     4
Invok: Ancestor Life: He |       |       |     1 |       |       |       ||     1
       Recall Ancestor   |       |       |       |     1 |     9 |     7 ||    17
 Abil: End Transformatio |       |       |       |       |     6 |     2 ||     8
       Bat Form          |       |       |       |       |     6 |     2 ||     8
Evoke: Wand              |       |       |       |       |    11 |    11 ||    22
  Use: Scroll            |       |     5 |    10 |    10 |     9 |    20 ||    54
       Potion            |       |       |     2 |     5 |    21 |    41 ||    69
 Stab: Sleeping          |    15 |     5 |    22 |    31 |   115 |    54 ||   242
       Confused          |     2 |     5 |    11 |   108 |   154 |   179 ||   459
       Distracted        |       |     2 |     3 |     8 |    30 |    34 ||    77
       Paralysed         |       |       |       |       |    15 |    78 ||    93
       Invisible         |       |       |       |       |       |    12 ||    12
       Held in net/web   |       |       |       |       |       |     1 ||     1
  Eat: Corpse            |     4 |     4 |       |       |       |       ||     8
Armor: Robe              |    50 |     9 |       |       |       |       ||    59
       Leather armour    |       |     4 |    29 |    75 |   166 |   222 ||   496
Dodge: Dodged            |   132 |    54 |    81 |   380 |   970 |  1466 ||  3083
Block: Buckler           |       |       |     8 |   139 |   467 |   639 ||  1253
       Reflection        |       |       |       |       |     6 |    42 ||    48
       Other             |       |       |       |       |     1 |       ||     1
